 Dungeon Crawl Stone Soup version 0.29.1-12-g30fa7ad0bf (webtiles) character file.

Game seed: 2675924682421672122

90 growler the Magician (level 4, -1/32 HPs)
             Began as a Demonspawn Wanderer on Jan 2, 2023.
             Succumbed to a scorpion's poison
             ... on level 4 of the Dungeon on Jan 3, 2023.
             The game lasted 00:09:07 (3966 turns).

growler the Magician (Demonspawn Wanderer)          Turns: 3966, Time: 00:09:07

Health: -1/32      AC:  2    Str: 12    XL:     4   Next: 32%
Magic:  0/9        EV: 11    Int: 15    God:
Gold:   181        SH:  0    Dex: 13    Spells: 8/9 levels left

rFire   + . .      SeeInvis .   a - +0 dagger
rCold   + . .      Faith    .   (no shield)
rNeg    . . .      Spirit   +   j - +0 robe
rPois   +          Reflect  .   (helmet restricted)
rElec   +          Harm     .   (no cloak)
rCorr   +          Rampage  .   (no gloves)
Will    .....                   (no boots)
Stlth   +.........              s - amulet of guardian spirit
HPRegen 0.10/turn               (no ring)
MPRegen 0.11/turn               (no ring)

@: lethally poisoned (-1 -> -13), resistant, very slightly contaminated
A: horns 1, spiny 2
a: no special abilities


You were on level 4 of the Dungeon.
You visited 1 branch of the dungeon, and saw 4 of its levels.

You collected 181 gold pieces.

Inventory:

Hand Weapons
 a - a +0 dagger (weapon)
Armour
 d - a +0 chain mail
 j - a +0 robe (worn)
Jewellery
 s - an amulet of guardian spirit (around neck)
 v - a ring of protection from cold
Scrolls
 b - 3 scrolls of silence
 f - a scroll of vulnerability {unknown}
 g - 7 scrolls of identify {unknown}
 i - 2 scrolls of teleportation {unknown}
 l - a scroll of blinking {unknown}
 m - a scroll of enchant weapon {unknown}
 q - a scroll of summoning {unknown}
 t - a scroll of poison {unknown}
 u - a scroll of amnesia {unknown}
Potions
 c - a potion of haste
 e - a potion of heal wounds {unknown}
 h - 2 potions of flight {unknown}
 k - 2 potions of mutation {unknown}
 n - a potion of degeneration {unknown}
 o - a potion of resistance
 p - a potion of invisibility {unknown}
 r - a potion of curing {unknown}


   Skills:
 - Level 1.0 Fighting
 - Level 2.6 Armour
 - Level 1.0 Dodging
 + Level 3.3 Spellcasting
 + Level 2.7 Air Magic
 - Level 1.2 Invocations
 - Level 1.0 Evocations


You had 8 spell levels left.
You knew the following spells:

 Your Spells              Type           Power      Damage    Failure   Level
a - Shock                 Conj/Air       24%        1d4       11%         1

Your spell library contained the following spells:

 Spells                   Type           Power      Damage    Failure   Level
 Freeze                   Ice            8%         1d3       19%         1
 Swiftness                Air            10%        N/A       19%         3
 Frozen Ramparts          Ice            4%         1d1       50%         3
 Hailstorm                Conj/Ice       2%         3d3       88%         4


Dungeon Overview and Level Annotations

Branches:
Dungeon (4/15)
 Temple: D:4-7

Altars:


Innate Abilities, Weirdness & Mutations

You have a pair of small horns on your head.
You are mostly covered in sharp spines.


Message History

The scorpion is heavily wounded.
You feel very sick. The scorpion stings you. The scorpion barely misses you.
Casting: Shock (safe; 11% risk of failure)
Confirm with . or Enter, or press ? or * to list all spells.
Aiming: Shock (safe; 11% risk of failure)
Press: ? - help, Shift-Dir - straight line The zap hits the scorpion but does no damage.
The scorpion is heavily wounded.
The zap hits the scorpion but does no damage.
The scorpion is heavily wounded.
You feel sick. The scorpion stings you.
You are lethally poisoned!
The scorpion poisons you!
Casting: Shock (safe; 11% risk of failure)
Confirm with . or Enter, or press ? or * to list all spells.
Aiming: Shock (safe; 11% risk of failure)
Press: ? - help, Shift-Dir - straight line The zap hits the scorpion.
The scorpion is heavily wounded.
The zap hits the scorpion.
The scorpion is severely wounded.
You feel very sick. The scorpion is struck by your spines.
The scorpion stings you but does no damage.
Casting: Shock (safe; 11% risk of failure)
Confirm with . or Enter, or press ? or * to list all spells.
Aiming: Shock (safe; 11% risk of failure)
Press: ? - help, Shift-Dir - straight line You miscast Shock.
You are very lightly contaminated with residual magic.
Nothing appears to happen.
* * * LOW HITPOINT WARNING * * *
You feel very sick. The scorpion stings you!
* * * LOW HITPOINT WARNING * * *
Unknown command.
It was a potion of resistance.
You feel protected.
You die...

############
.......@s..#
##########.# #.# #s#
.# #.# ..# ##### #[#
...####...# #.#
..........###.#
............#.######


You could see a scorpion.

Vanquished Creatures
  Jessica (D:2)
  An adder (D:2)
  2 worms (D:2)
  2 dart slugs
  6 bats
  5 endoplasms
  A giant cockroach (D:2)
  4 goblins
  7 hobgoblins
  A kobold (D:2)
  A quokka (D:2)
  5 ball pythons
  A frilled lizard (D:2)
  6 rats
43 creatures vanquished.

Notes
Turn   | Place    | Note
-------+----------+-------------------------------------------
     0 | D:1      | growler the Demonspawn Wanderer began the quest for the
                  | Orb.
     0 | D:1      | growler set off with the following items: a +0 dagger, a
                  | scroll of silence, a potion of haste, a +0 chain mail; and
                  | the following spell memorised: Shock; and the following
                  | spells available to memorise: Swiftness.
     0 | D:1      | Reached XP level 1. HP: 15/15 MP: 3/3
   607 | D:1      | Gained mutation: You are partially covered in sharp spines.
                  | [demonic ancestry]
   607 | D:1      | Reached XP level 2. HP: 14/21 MP: 5/5
  1395 | D:2      | Gained mutation: You are mostly covered in sharp spines.
                  | [demonic ancestry]
  1395 | D:2      | Reached XP level 3. HP: 7/26 MP: 4/7
  2359 | D:2      | Noticed Jessica
  2394 | D:2      | Killed Jessica
  2395 | D:2      | Reached skill level 3 in Spellcasting
  2395 | D:2      | Gained mutation: You have a pair of small horns on your
                  | head. [demonic ancestry]
  2395 | D:2      | Reached XP level 4. HP: 27/32 MP: 3/8
  3940 | D:4      | Noticed a scorpion
  3965 | D:4      | HP: 1/32 [scorpion (7)]
  3966 | D:4      | Succumbed to a scorpion's poison

Illustrated notes

Levels and vault maps discovered:
D:1:      spicycebolla_arrival_ecumenical, layout_basic,
          minmay_misc_feat_four_crosses
D:2:      layout_rooms, uniq_jessica
D:3:      layout_loops_corners, dk_noncrumbling_2
D:4:      layout_loops_ring, lemuel_round_altar, minivault_26,
          hangedman_decor_points, serial_bayou_pond_d

Skill      XL: |  1  2  3 |
---------------+----------+-----
Air Magic      | 2 |  2.7
Spellcasting   | 3 |  3.3
Fighting       | |  1.0
Armour         | |  2.6
Dodging        | |  1.0
Invocations    | |  1.2
Evocations     | |  1.0

Action                   |  1- 3 |  4- 6 || total
-------------------------+-------+-------++-------
Melee: Dagger            |    58 |    12 ||    70
       Punch             |     1 |       ||     1
       Headbutt          |       |     1 ||     1
 Cast: Shock             |    41 |    33 ||    74
  Use: Potion            |       |     1 ||     1
 Stab: Sleeping          |       |     1 ||     1
Armor: Chain mail        |    29 |       ||    29
       Robe              |     3 |     2 ||     5
Dodge: Dodged            |    29 |     8 ||    37
